 Dungeon Crawl Stone Soup version 0.31-a0-920-g28cbb04a8c (webtiles) character file.

Game seed: 11563282039772908394

301 lessens the Shield-Bearer (level 6, 0/53 HPs)
             Began as a Gnoll Fighter on Oct 17, 2023.
             Was an Initiate of Gozag.
             Slain by an orc wizard
             ... wielding a +0 dagger
              (3 damage)
             ... on level 5 of the Dungeon.
             The game lasted 00:02:21 (2071 turns).

lessens the Shield-Bearer (Gnoll Fighter)           Turns: 2071, Time: 00:02:21

Health: 0/53       AC:  7    Str: 17    XL:     6   Next: 37%
Magic:  9/9        EV: 10    Int:  7    God:    Gozag
Gold:   102        SH:  5    Dex: 12    Spells: 9/9 levels left

rFire   . . .        a - +0 war axe
rCold   . . .        c - +0 buckler
rNeg    . . .        b - +0 scale mail
rPois   .            (no helmet)
rElec   .            (no cloak)
rCorr   +            (no gloves)
SInv    .            (no boots)
Will    .....        (no amulet) Stlth
                     i - ring of resist corrosion
HPRegen 0.28/turn    (no ring)
MPRegen 0.11/turn

%: no passive effects
@: gold aura
A: fangs 1, strong nose, distributed training
a: Renounce Religion, Potion Petition, Call Merchant, Bribe Branch


You were on level 5 of the Dungeon.
You worshipped Gozag.
Gozag was aware of your devotion.
You visited 1 branch of the dungeon, and saw 4 of its levels.

You collected 156 gold pieces.
You paid 54 gold pieces to Gozag.

Inventory:

Hand Weapons
 a - a +0 war axe (weapon)
 o - a +2 short sword of holy wrath
Missiles
 e - 41 stones
 t - 2 poisoned darts
Armour
 b - a +0 scale mail (worn)
 c - a +0 buckler (worn)
Jewellery
 i - a ring of resist corrosion (left hand)
Scrolls
 f - a scroll of enchant weapon {unknown}
 g - a scroll of teleportation {unknown}
 m - a scroll of torment {unknown}
 n - 2 scrolls of identify {unknown}
 p - a scroll of revelation {unknown}
 q - a scroll of noise {unknown}
 r - a scroll of fog {unknown}
 s - a scroll of silence {unknown}
Potions
 d - a potion of might
 h - a potion of experience {unknown}
 j - a potion of attraction {unknown}
 k - a potion of haste {unknown}
 l - 2 potions of heal wounds {unknown}


   Skills:
 + Level 6.8 Fighting
 + Level 2.0 Short Blades
 + Level 2.0 Long Blades
 + Level 5.0 Axes
 + Level 2.0 Maces & Flails
 + Level 2.0 Polearms
 + Level 2.0 Staves
 + Level 2.0 Ranged Weapons
 + Level 2.0 Throwing
 + Level 6.8 Armour
 + Level 2.0 Dodging
 + Level 2.0 Stealth
 + Level 6.8 Shields
 + Level 2.0 Unarmed Combat
 + Level 2.0 Spellcasting
 + Level 1.5 Conjurations
 + Level 1.5 Hexes
 + Level 1.5 Summonings
 + Level 1.5 Necromancy
 + Level 1.5 Translocations
 + Level 1.5 Transmutations
 + Level 1.5 Fire Magic
 + Level 1.5 Ice Magic
 + Level 1.5 Air Magic
 + Level 1.5 Earth Magic
 + Level 1.5 Poison Magic
 + Level 2.2 Invocations
 + Level 2.0 Evocations
 + Level 1.8 Shapeshifting


You had 9 spell levels left.
You didn't know any spells.
Your spell library contained the following spells:

 Spells                   Type           Power      Damage    Failure   Level
 Magic Dart               Conj           8%         1d3       58%         1
 Poisonous Vapours        Pois/Air       4%         N/A       73%         2
 Searing Ray              Conj           4%         2d4       73%         2
 Static Discharge         Conj/Air       4%         2-3/arc   73%         2
 Mephitic Cloud           Conj/Pois/Air  2%         N/A       91%         3
 Tukima's Dance           Hex            2%         N/A       91%         3
 Airstrike                Air            1%         2d(1-17)  100%        4
 Dimensional Bullseye     Hex/Tloc       1%         N/A       100%        4
 Fulminant Prism          Conj/Hex       1%         3d5       100%        4
 Iskenderun's Mystic Bla  Conj/Tloc      2%         2d3       100%        4
 Summon Lightning Spire   Summ/Air       2%         N/A       100%        4
 Freezing Cloud           Conj/Ice/Air   1%         6-21      100%        5


Dungeon Overview and Level Annotations

Branches:
Dungeon (3/15) Zot: 21892

Altars:
Gozag
Ru
Xom

Shops:
D:3 =


Innate Abilities, Weirdness & Mutations

You have very sharp teeth.
Your uncanny sense of smell can sniff out nearby items.
Your experience applies equally to all skills.


Message History

Blork the orc misses you.
You hit Blork the orc but do no damage. Your bite misses Blork the orc.
Blork the orc is heavily wounded.
You hit the orc but do no damage.
The orc wizard is no longer distracted by gold.
Blork the orc closely misses you.
The orc is distracted by your dazzling golden aura.
Blork the orc hits you with a +0 broad axe.
The orc shouts!
You hit Blork the orc.
Blork the orc is severely wounded.
You hit the orc but do no damage.
The orc is no longer distracted by gold.
Blork the orc hits you with a +0 broad axe!
The orc wizard casts a spell.
The orc wizard flickers and vanishes!
Deactivating autopickup; reactivate with Ctrl-A.
The orc hits you with a +0 flail.
You slash Blork the orc!
Blork the orc is almost dead.
You barely miss the orc. Blork the orc casts a spell at you.
The puff of flame hits you!
* * * LOW HITPOINT WARNING * * *
The orc barely misses you.
You closely miss Blork the orc.
Blork the orc is almost dead.
You hit the orc.
Blork the orc points at you and mumbles some strange words.
The magic dart hits you!
* * * LOW HITPOINT WARNING * * *
The orc hits you with a +0 flail.
* * * LOW HITPOINT WARNING * * *
You block Blork the orc's attack. You block the orc's attack.
You hit Blork the orc.
You kill Blork the orc!
You barely miss the orc. You closely miss something.
The orc closely misses you. Something hits you.
You die...
Your body crumbles into a pile of gold.

.## .#. #........
#####.#.# #.#......
......#.## .......$.
.###.....# #........
'###'###'#######........
#.......#..#............
#.......#..#..##o$......
'###'###'..+..##@#......
#.+...'.#..#..##.oW.....
#.#...#.#..#.##........#
+.#._.#.'##'.##........#
#.#...#.#..####........#
#.+...+.#..#..#........#
'###+###+..').#........#
#.......#..##...........
#.......#..#............


You could see a phantom and 2 orcs.

Vanquished Creatures
  An ogre (D:5)
  A phantom (D:5)
  Blork the orc (D:5)
  A scorpion (D:5)
  2 adders (D:2)
  6 worms
  2 dart slugs
  5 orcs
  3 endoplasms
  2 giant cockroaches
  2 goblins (D:3)
  2 hobgoblins
  3 kobolds
  4 quokkas
  3 bats
  2 frilled lizards
  4 rats
44 creatures vanquished.

Notes
Turn   | Place    | Note
-------+----------+-------------------------------------------
     0 | D:1      | lessens the Gnoll Fighter began the quest for the Orb.
     0 | D:1      | Reached XP level 1. HP: 23/23 MP: 1/1
   312 | D:1      | Reached XP level 2. HP: 27/29 MP: 2/2
   608 | D:2      | Found a shimmering altar of Xom.
   688 | D:2      | Reached XP level 3. HP: 35/35 MP: 3/3
  1164 | D:2      | Reached skill level 1 in Invocations
  1386 | D:2      | Reached skill level 1 in Short Blades
  1386 | D:2      | Reached skill level 1 in Long Blades
  1386 | D:2      | Reached skill level 1 in Maces & Flails
  1386 | D:2      | Reached skill level 1 in Polearms
  1386 | D:2      | Reached skill level 1 in Staves
  1386 | D:2      | Reached skill level 1 in Ranged Weapons
  1386 | D:2      | Reached skill level 1 in Throwing
  1386 | D:2      | Reached skill level 1 in Dodging
  1386 | D:2      | Reached skill level 1 in Stealth
  1386 | D:2      | Reached skill level 1 in Unarmed Combat
  1386 | D:2      | Reached skill level 1 in Spellcasting
  1386 | D:2      | Reached skill level 1 in Evocations
  1458 | D:3      | Reached XP level 4. HP: 41/41 MP: 5/5
  1477 | D:3      | Reached skill level 1 in Shapeshifting
  1519 | D:3      | Found a sacrificial altar of Ru.
  1791 | D:3      | Found Leuddud's Jewellery Shoppe.
  1811 | D:3      | You fall into a shaft and drop 2 floors!
  1811 | D:5      | Entered Level 5 of the Dungeon
  1823 | D:5      | Found an opulent altar of Gozag.
  1823 | D:5      | Noticed a phantom
  1829 | D:5      | Killed a phantom
  1830 | D:5      | Reached skill level 1 in Conjurations
  1830 | D:5      | Reached skill level 1 in Hexes
  1830 | D:5      | Reached skill level 1 in Summonings
  1830 | D:5      | Reached skill level 1 in Necromancy
  1830 | D:5      | Reached skill level 1 in Translocations
  1830 | D:5      | Reached skill level 1 in Transmutations
  1830 | D:5      | Reached skill level 1 in Fire Magic
  1830 | D:5      | Reached skill level 1 in Ice Magic
  1830 | D:5      | Reached skill level 1 in Air Magic
  1830 | D:5      | Reached skill level 1 in Earth Magic
  1830 | D:5      | Reached skill level 1 in Poison Magic
  1830 | D:5      | Reached XP level 5. HP: 47/47 MP: 5/7
  1836 | D:5      | Became a worshipper of Gozag Ym Sagoz the Greedy
  1920 | D:5      | Noticed an ogre
  1925 | D:5      | Killed an ogre
  1926 | D:5      | Reached skill level 5 in Axes
  1926 | D:5      | Reached XP level 6. HP: 23/53 MP: 7/9
  2058 | D:5      | Noticed Blork the orc
  2071 | D:5      | Killed Blork the orc
  2071 | D:5      | Slain by an orc wizard

Illustrated notes

Levels and vault maps discovered:
D:1:      dpeg_arrival_three_same_balls, layout_basic, nicolae_wormholes
D:2:      layout_basic, basic_altar
D:3:      layout_basic, general_overflow_altar, serial_shops, shop_fountains,
          kennysheep_generic_room_15
D:5:      layout_rooms, mainiacjoe_overflow_24_doors, trog_hazing_becter,
          portal_sewer_entry_e, uniq_blork_the_orc

Skill      XL: |  1  2  3  4  5 |
---------------+----------------+-----
Invocations    | 1 2 |  2.2
Short Blades   | 1 2 |  2.0
Long Blades    | 1 2 |  2.0
Maces & Flails | 1 2 |  2.0
Polearms       | 1 2 |  2.0
Staves         | 1 2 |  2.0
Ranged Weapons | 1 2 |  2.0
Throwing       | 1 2 |  2.0
Dodging        | 1 2 |  2.0
Stealth        | 1 2 |  2.0
Unarmed Combat | 1 2 |  2.0
Spellcasting   | 1 2 |  2.0
Evocations     | 1 2 |  2.0
Shapeshifting  | 1 |  1.8
Conjurations   | 1 |  1.5
Hexes          | 1 |  1.5
Summonings     | 1 |  1.5
Necromancy     | 1 |  1.5
Translocations | 1 |  1.5
Transmutations | 1 |  1.5
Fire Magic     | 1 |  1.5
Ice Magic      | 1 |  1.5
Air Magic      | 1 |  1.5
Earth Magic    | 1 |  1.5
Poison Magic   | 1 |  1.5
Axes           | 5 |  5.0
Fighting       | |  6.8
Armour         | |  6.8
Shields        | |  6.8

Action                     |  1- 3 |  4- 6 || total
---------------------------+-------+-------++-------
  Melee: War axe           |    63 |    64 ||   127
         Bite              |     5 |     8 ||    13
    Use: Potion            |       |     1 ||     1
 Armour: Scale mail        |    36 |    46 ||    82
  Dodge: Dodged            |    23 |    31 ||    54
  Block: Buckler           |     9 |    16 ||    25

Table legend: (Time is in decaauts)
 A = Elapsed time spent in this place.
 B = Non-inter-level travel time spent in this place.
 C = Inter-level travel time spent in this place.
 D = Time resting spent in this place.
 E = Time spent auto-exploring this place.
 F = Levels seen in this place.
 G = Mean time per level.
                   A        B        C        D        E       F      G
               +--------+--------+--------+--------+--------+-----+--------+
         Total |   2106 |   2068 |     38 |      0 |   1683 |   4 |  526.5 |
       Dungeon |   2106 |   2068 |     38 |      0 |   1683 |   4 |  526.5 |
               +--------+--------+--------+--------+--------+-----+--------+

Top non-repeatable levels by time:
     D:2: 1073 daAuts
     D:3: 399 daAuts
     D:1: 367 daAuts
     D:5: 266 daAuts

Levels and vault maps discovered:
D:1:      dpeg_arrival_three_same_balls, layout_basic, nicolae_wormholes
D:2:      layout_basic, basic_altar
D:3:      layout_basic, general_overflow_altar, serial_shops, shop_fountains,
          kennysheep_generic_room_15
D:5:      layout_rooms, mainiacjoe_overflow_24_doors, trog_hazing_becter,
          portal_sewer_entry_e, uniq_blork_the_orc
